General information
- name: BNet
- type: Ladder team game (AT/RT)
- host: Battle.net
- saver: BRUCEWILLISUSA
map: GoldRush
- players: 8
- length: 29:41
- speed: Fast
- version: 1.24 W3XP
- replay type: Public
» download(226 KB)
Players
team 1 (loser)

»
Peterpan. (
teal | 70 APM | 2002 actions | 28:41)
8 Blademaster
3 Wind Walk
3 Critical Strike
1 Bladestorm
1 Mirror Image
» actions
| Assign group hotkey | 59 | |
| Basic commands | 102 | |
| Build / train | 93 | |
| ESC pressed | 9 | |
| Enter build submenu | 32 | |
| Enter hero's abilities submenu | 8 | |
| Give item / drop item | 4 | |
| Remove unit from queue | 4 | |
| Right click | 817 | |
| Select / deselect | 435 | |
| Select group hotkey | 280 | |
| Use ability | 159 | |
2002 total
» units
| Peon | 23 | |
| Troll Headhunter/Berserker | 11 | |
| Shaman | 2 | |
| Troll Witch Doctor | 4 | |
| Spirit Walker | 2 | |
42 total
» upgrades
| Ranged Weapons | 3 | |
| Troll Regeneration | 1 | |
| Armor | 2 | |
| Witch Doctor Training | 2 | |
| Shaman Training | 3 | |
| Berserker Upgrade | 1 | |
| Reinforced Defenses | 1 | |
| Spirit Walker Training | 2 | |
15 total
» buildings
| Altar of Storms | 1 | |
| Orc Burrow | 6 | |
| Voodoo Lounge | 1 | |
| War Mill | 1 | |
| Great Hall | 2 | |
| Stronghold | 3 | |
| Barracks | 2 | |
| Spirit Lodge | 2 | |
| Fortress | 2 | |
| Watch Tower | 13 | |
33 total
» build order
00:13 Altar of Storms
00:30 Orc Burrow
01:16 Voodoo Lounge
01:25 War Mill
02:00 Orc Burrow
03:28 Great Hall
03:55 Stronghold
03:55 Stronghold
03:55 Stronghold
04:34 Barracks
04:49 Barracks
06:07 Orc Burrow
07:00 Spirit Lodge
07:08 Spirit Lodge
07:39 Fortress
07:40 Fortress
08:08 Orc Burrow
08:24 Orc Burrow
11:42 Watch Tower
11:44 Watch Tower
12:41 Watch Tower
12:53 Watch Tower
12:57 Watch Tower
13:04 Watch Tower
13:08 Watch Tower
15:25 Watch Tower
15:26 Watch Tower
17:15 Orc Burrow
18:18 Watch Tower
18:22 Watch Tower
18:58 Watch Tower
18:59 Watch Tower
22:17 Great Hall
» items
| Healing Salve | 3 | |
| Lesser Clarity Potion | 1 | |
| Boots of Speed | 1 | |
| Circlet of Nobility | 6 | |
| Tiny Great Hall | 1 | |
| Orb of Lightning | 1 | |
13 total
acfuuiii (
blue | 77 APM | 2278 actions | 29:38)
5 Mountain King
3 Storm Bolt
2 Bash
4 Paladin
2 Holy Light
1 Divine Shield
1 Devotion Aura
» actions
| Assign group hotkey | 23 | |
| Build / train | 87 | |
| Enter build submenu | 28 | |
| Enter hero's abilities submenu | 10 | |
| Remove unit from queue | 2 | |
| Right click | 1245 | |
| Select / deselect | 316 | |
| Select group hotkey | 472 | |
| Use ability | 95 | |
2278 total
» units
| Peasant | 22 | |
| Footman | 3 | |
| Gryphon Rider | 2 | |
| Knight | 3 | |
| Dragonhawk Rider | 4 | |
| Siege Engine | 3 | |
37 total
» upgrades
| Masonry | 3 | |
| Lumber Harvesting | 2 | |
| Storm Hammers | 1 | |
| Swords | 2 | |
| Plating | 1 | |
| Cloud | 1 | |
| Gunpowder | 1 | |
| Animal War Training | 1 | |
| Barrage | 1 | |
13 total
» buildings
| Altar of Kings | 1 | |
| Farm | 13 | |
| Barracks | 1 | |
| Lumber Mill | 1 | |
| Scout Tower | 11 | |
| Arcane Tower | 1 | |
| Guard Tower | 7 | |
| Arcane Vault | 1 | |
| Keep | 1 | |
| Town Hall | 3 | |
| Blacksmith | 1 | |
| Castle | 1 | |
| Gryphon Aviary | 2 | |
| Workshop | 2 | |
46 total
» build order
00:25 Altar of Kings
00:41 Farm
00:55 Barracks
01:11 Lumber Mill
01:19 Farm
01:59 Farm
02:04 Scout Tower
02:39 Farm
02:41 Scout Tower
02:43 Arcane Tower
03:11 Guard Tower
03:19 Arcane Vault
03:23 Scout Tower
03:29 Scout Tower
03:55 Guard Tower
03:59 Scout Tower
04:02 Scout Tower
04:05 Guard Tower
04:33 Guard Tower
04:35 Guard Tower
05:46 Keep
05:50 Town Hall
05:53 Scout Tower
05:54 Scout Tower
05:55 Scout Tower
05:55 Scout Tower
05:56 Scout Tower
06:29 Guard Tower
06:52 Guard Tower
07:20 Blacksmith
08:23 Castle
08:27 Gryphon Aviary
08:27 Gryphon Aviary
10:02 Farm
10:02 Farm
10:03 Farm
12:00 Farm
12:00 Farm
13:19 Farm
13:59 Farm
14:49 Farm
15:59 Workshop
16:03 Workshop
17:15 Town Hall
25:25 Town Hall
» items
| Scroll of Regeneration | 4 | |
| Lesser Clarity Potion | 3 | |
| Potion of Healing | 2 | |
| Potion of Mana | 2 | |
| Scroll of Town Portal | 1 | |
| Orb of Lightning | 1 | |
| Orb of Fire | 1 | |
14 total
Roy_Jones (
red | 58 APM | 983 actions | 16:49)
3 Blademaster
2 Wind Walk
1 Critical Strike
3 Shadow Hunter
1 Hex
2 Healing Wave
» actions
| Assign group hotkey | 16 | |
| Basic commands | 5 | |
| Build / train | 52 | |
| ESC pressed | 16 | |
| Enter build submenu | 17 | |
| Enter hero's abilities submenu | 6 | |
| Give item / drop item | 5 | |
| Right click | 358 | |
| Select / deselect | 258 | |
| Select group hotkey | 185 | |
| Use ability | 65 | |
983 total
» units
| Peon | 17 | |
| Grunt | 4 | |
| Shaman | 3 | |
| Tauren | 3 | |
27 total
» upgrades
| Berserker Strength | 1 | |
| Shaman Training | 2 | |
| Armor | 1 | |
4 total
» buildings
| Altar of Storms | 1 | |
| Orc Burrow | 6 | |
| Barracks | 1 | |
| Voodoo Lounge | 1 | |
| Stronghold | 1 | |
| War Mill | 1 | |
| Spirit Lodge | 1 | |
| Watch Tower | 2 | |
| Great Hall | 1 | |
| Fortress | 1 | |
| Tauren Totem | 2 | |
18 total
» build order
01:05 Altar of Storms
01:11 Orc Burrow
01:32 Barracks
02:27 Orc Burrow
02:57 Voodoo Lounge
03:56 Stronghold
05:28 War Mill
05:54 Orc Burrow
06:24 Spirit Lodge
06:50 Watch Tower
06:53 Watch Tower
07:37 Great Hall
08:16 Fortress
10:38 Tauren Totem
10:42 Tauren Totem
12:03 Orc Burrow
12:06 Orc Burrow
15:38 Orc Burrow
» items
| Healing Salve | 3 | |
| Scroll of Speed | 2 | |
| Boots of Speed | 1 | |
| Dust of Appearance | 1 | |
| Scroll of Town Portal | 1 | |
| Orb of Lightning | 1 | |
| Tiny Great Hall | 1 | |
| Potion of Lesser Invulnerability | 1 | |
11 total
SIXX9 (
pink | 50 APM | 1479 actions | 29:27)
5 Demon Hunter
1 Immolation
2 Mana Burn
2 Evasion
3 Dark Ranger
1 Black Arrow
1 Life Drain
1 Silence
» actions
| Build / train | 100 | |
| Enter build submenu | 25 | |
| Enter hero's abilities submenu | 9 | |
| Right click | 977 | |
| Select / deselect | 301 | |
| Use ability | 67 | |
1479 total
» units
| Wisp | 27 | |
| Dryad | 34 | |
| Druid of the Talon | 18 | |
79 total
» upgrades
| Strength of the Wild | 2 | |
| Reinforced Hides | 2 | |
| Abolish Magic | 1 | |
| Druid of the Talon Training | 2 | |
7 total
» buildings
| Moon Well | 10 | |
| Altar of Elders | 1 | |
| Tree of Ages | 1 | |
| Tree of Life | 6 | |
| Hunter's Hall | 1 | |
| Ancient of Lore | 2 | |
| Ancient of Wonders | 1 | |
| Ancient of Wind | 1 | |
| Ancient Protector | 1 | |
| Tree of Eternity | 1 | |
25 total
» build order
00:15 Moon Well
00:22 Altar of Elders
01:48 Tree of Ages
02:04 Moon Well
03:20 Tree of Life
03:52 Hunter's Hall
05:16 Ancient of Lore
05:50 Ancient of Lore
05:59 Moon Well
06:08 Moon Well
08:02 Moon Well
08:18 Moon Well
09:03 Moon Well
09:07 Moon Well
09:13 Ancient of Wonders
09:36 Ancient of Wind
10:12 Ancient Protector
11:42 Tree of Eternity
13:04 Tree of Life
17:37 Moon Well
18:09 Tree of Life
21:16 Tree of Life
21:59 Moon Well
22:07 Tree of Life
23:16 Tree of Life
» items
| Scroll of Town Portal | 1 | |
| Orb of Fire | 1 | |
2 total
team 2 (winner)
BRUCEWILLISUSA (
orange | 53 APM | 1565 actions | 29:40)
7 Goblin Tinker
3 Pocket Factory
3 Engineering Upgrade
1 Robo-Goblin
» actions
| Assign group hotkey | 21 | |
| Basic commands | 37 | |
| Build / train | 98 | |
| ESC pressed | 3 | |
| Enter build submenu | 39 | |
| Enter hero's abilities submenu | 8 | |
| Give item / drop item | 2 | |
| Right click | 558 | |
| Select / deselect | 324 | |
| Select group hotkey | 299 | |
| Use ability | 176 | |
1565 total
» units
» upgrades
| Masonry | 3 | |
| Lumber Harvesting | 2 | |
| Magic Sentry | 1 | |
| Gunpowder | 1 | |
7 total
» buildings
| Farm | 4 | |
| Altar of Kings | 1 | |
| Lumber Mill | 1 | |
| Town Hall | 7 | |
| Keep | 1 | |
| Scout Tower | 91 | |
| Guard Tower | 22 | |
| Castle | 1 | |
| Arcane Sanctum | 1 | |
| Blacksmith | 1 | |
| Arcane Vault | 1 | |
131 total
» build order
00:13 Farm
00:21 Altar of Kings
00:57 Farm
01:26 Lumber Mill
01:33 Farm
03:24 Farm
03:38 Town Hall
04:49 Town Hall
06:45 Town Hall
06:48 Keep
07:20 Scout Tower
07:21 Scout Tower
07:22 Scout Tower
07:22 Scout Tower
07:23 Scout Tower
07:23 Scout Tower
07:24 Scout Tower
07:25 Scout Tower
07:25 Scout Tower
07:26 Scout Tower
07:27 Scout Tower
07:28 Scout Tower
08:02 Guard Tower
08:06 Scout Tower
08:06 Scout Tower
08:07 Scout Tower
08:08 Scout Tower
08:09 Scout Tower
08:10 Scout Tower
08:14 Scout Tower
08:15 Scout Tower
08:15 Scout Tower
08:21 Scout Tower
08:21 Scout Tower
08:22 Scout Tower
08:22 Scout Tower
08:23 Scout Tower
08:24 Scout Tower
08:25 Scout Tower
08:26 Scout Tower
08:27 Scout Tower
08:27 Scout Tower
08:28 Scout Tower
08:29 Scout Tower
08:56 Guard Tower
09:09 Guard Tower
09:24 Guard Tower
09:39 Scout Tower
09:40 Scout Tower
09:41 Scout Tower
09:42 Scout Tower
09:42 Scout Tower
09:43 Scout Tower
09:44 Scout Tower
09:45 Scout Tower
09:46 Scout Tower
09:47 Scout Tower
09:48 Scout Tower
09:58 Guard Tower
10:32 Castle
10:37 Arcane Sanctum
10:40 Guard Tower
10:46 Scout Tower
10:47 Scout Tower
10:47 Scout Tower
10:49 Scout Tower
10:50 Scout Tower
10:51 Scout Tower
10:54 Guard Tower
11:38 Guard Tower
11:41 Blacksmith
11:44 Guard Tower
11:50 Guard Tower
11:57 Guard Tower
12:06 Guard Tower
12:06 Guard Tower
15:05 Guard Tower
17:55 Scout Tower
17:56 Scout Tower
17:57 Scout Tower
17:57 Scout Tower
17:58 Scout Tower
17:59 Scout Tower
18:00 Scout Tower
18:00 Scout Tower
18:01 Scout Tower
18:01 Scout Tower
18:02 Scout Tower
18:02 Scout Tower
19:36 Guard Tower
20:02 Guard Tower
20:07 Scout Tower
20:08 Scout Tower
20:08 Scout Tower
20:09 Scout Tower
20:10 Scout Tower
20:10 Scout Tower
20:11 Scout Tower
20:11 Scout Tower
20:12 Scout Tower
20:13 Scout Tower
20:14 Scout Tower
20:14 Scout Tower
20:15 Scout Tower
20:16 Scout Tower
20:16 Scout Tower
21:40 Guard Tower
21:43 Town Hall
22:38 Guard Tower
23:17 Scout Tower
23:17 Scout Tower
23:18 Scout Tower
23:19 Scout Tower
23:20 Scout Tower
23:21 Scout Tower
23:22 Scout Tower
23:23 Scout Tower
23:24 Scout Tower
23:25 Scout Tower
23:25 Scout Tower
23:57 Arcane Vault
24:34 Scout Tower
24:35 Scout Tower
24:36 Scout Tower
25:45 Guard Tower
25:47 Town Hall
25:49 Guard Tower
25:52 Guard Tower
26:37 Town Hall
26:46 Guard Tower
28:43 Town Hall
» items
| Staff of Teleportation | 1 | |
| Boots of Speed | 1 | |
| Potion of Invisibility | 3 | |
| Moonstone | 1 | |
| Lesser Clarity Potion | 2 | |
8 total

»
tooeasy (
purple | 94 APM | 2775 actions | 29:38)
5 Tauren Chieftain
3 Shockwave
2 Endurance Aura
1 Goblin Alchemist
1 Healing Spray
» actions
| Assign group hotkey | 21 | |
| Build / train | 95 | |
| Enter build submenu | 33 | |
| Enter hero's abilities submenu | 6 | |
| Give item / drop item | 2 | |
| Right click | 854 | |
| Select / deselect | 394 | |
| Select group hotkey | 1299 | |
| Use ability | 71 | |
2775 total
» units
| Peon | 29 | |
| Grunt | 9 | |
| Troll Batrider | 29 | |
67 total
» upgrades
| Pillage | 1 | |
| Berserker Strength | 1 | |
| Ranged Weapons | 3 | |
| Liquid Fire | 1 | |
| Armor | 1 | |
| Spiked Barricades | 1 | |
8 total
» buildings
| Altar of Storms | 2 | |
| Orc Burrow | 12 | |
| Barracks | 1 | |
| Voodoo Lounge | 2 | |
| Stronghold | 2 | |
| Great Hall | 3 | |
| War Mill | 1 | |
| Beastiary | 6 | |
| Fortress | 2 | |
| Watch Tower | 3 | |
34 total
» build order
00:09 Altar of Storms
00:11 Orc Burrow
01:01 Barracks
01:39 Orc Burrow
03:09 Orc Burrow
03:12 Voodoo Lounge
04:20 Stronghold
05:13 Great Hall
05:28 Orc Burrow
06:41 War Mill
07:01 Beastiary
07:45 Beastiary
07:47 Fortress
08:29 Beastiary
10:12 Orc Burrow
11:23 Orc Burrow
12:25 Orc Burrow
17:59 Beastiary
18:01 Beastiary
18:04 Beastiary
18:08 Voodoo Lounge
19:23 Orc Burrow
19:24 Orc Burrow
19:29 Orc Burrow
19:35 Stronghold
20:22 Orc Burrow
20:23 Orc Burrow
21:19 Altar of Storms
22:52 Great Hall
24:06 Watch Tower
24:08 Watch Tower
24:11 Watch Tower
24:19 Fortress
29:36 Great Hall
» items
| Healing Salve | 3 | |
| Potion of Mana | 2 | |
| Scroll of Town Portal | 3 | |
8 total
CNT-FAI (
yellow | 34 APM | 1009 actions | 29:38)
8 Blademaster
3 Wind Walk
3 Critical Strike
1 Bladestorm
1 Mirror Image
» actions
| Assign group hotkey | 19 | |
| Basic commands | 59 | |
| Build / train | 68 | |
| Enter build submenu | 29 | |
| Enter hero's abilities submenu | 8 | |
| Remove unit from queue | 2 | |
| Right click | 340 | |
| Select / deselect | 228 | |
| Select group hotkey | 178 | |
| Use ability | 78 | |
1009 total
» units
» upgrades
| Pillage | 1 | |
| Ensnare | 1 | |
| Melee Weapons | 2 | |
| Armor | 3 | |
7 total
» buildings
| Altar of Storms | 1 | |
| Orc Burrow | 12 | |
| Voodoo Lounge | 1 | |
| Barracks | 1 | |
| Stronghold | 2 | |
| War Mill | 1 | |
| Great Hall | 3 | |
| Beastiary | 3 | |
| Watch Tower | 4 | |
| Fortress | 1 | |
29 total
» build order
00:04 Altar of Storms
00:06 Orc Burrow
00:10 Orc Burrow
00:34 Voodoo Lounge
01:18 Orc Burrow
01:57 Barracks
03:07 Orc Burrow
04:29 Stronghold
05:58 Orc Burrow
06:44 War Mill
07:04 Great Hall
07:44 Beastiary
07:46 Beastiary
07:48 Beastiary
08:25 Watch Tower
09:50 Great Hall
09:52 Watch Tower
10:18 Orc Burrow
10:24 Orc Burrow
11:07 Watch Tower
11:40 Watch Tower
12:14 Orc Burrow
17:12 Fortress
18:05 Great Hall
25:26 Orc Burrow
25:29 Orc Burrow
25:36 Stronghold
26:51 Orc Burrow
26:54 Orc Burrow
» items
| Healing Salve | 3 | |
| Lesser Clarity Potion | 1 | |
| Potion of Healing | 3 | |
| Orb of Fire | 2 | |
9 total

»
MyTeamWinning (
green | 105 APM | 3125 actions | 29:38)
10 Demon Hunter
3 Immolation
3 Evasion
1 Metamorphosis
3 Mana Burn
» actions
| Assign group hotkey | 770 | |
| Basic commands | 168 | |
| Build / train | 101 | |
| Enter build submenu | 29 | |
| Enter hero's abilities submenu | 10 | |
| Give item / drop item | 2 | |
| Remove unit from queue | 4 | |
| Right click | 840 | |
| Select / deselect | 342 | |
| Select group hotkey | 752 | |
| Use ability | 107 | |
3125 total
» units
| Wisp | 36 | |
| Hippogryph | 5 | |
| Druid of the Talon | 1 | |
| Faerie Dragon | 8 | |
| Chimaera | 4 | |
54 total
» upgrades
| Strength of the Wild | 3 | |
| Reinforced Hides | 3 | |
| Corrosive Breath | 1 | |
| Ultravision | 1 | |
| Well Spring | 1 | |
| Nature's Blessing | 1 | |
10 total
» buildings
| Moon Well | 9 | |
| Hunter's Hall | 1 | |
| Altar of Elders | 1 | |
| Ancient Protector | 7 | |
| Ancient of Wonders | 1 | |
| Tree of Ages | 1 | |
| Ancient of Wind | 3 | |
| Tree of Eternity | 1 | |
| Chimaera Roost | 3 | |
| Tree of Life | 1 | |
28 total
» build order
00:16 Moon Well
00:19 Hunter's Hall
01:15 Altar of Elders
01:41 Ancient Protector
06:58 Moon Well
07:40 Ancient Protector
07:44 Ancient Protector
08:20 Ancient of Wonders
08:36 Ancient Protector
09:35 Ancient Protector
10:07 Tree of Ages
11:53 Moon Well
11:56 Moon Well
12:35 Ancient of Wind
12:37 Ancient of Wind
12:38 Ancient of Wind
12:59 Moon Well
13:00 Tree of Eternity
13:14 Moon Well
14:17 Ancient Protector
14:24 Moon Well
15:59 Chimaera Roost
16:00 Chimaera Roost
16:02 Chimaera Roost
16:15 Moon Well
18:43 Moon Well
18:48 Tree of Life
24:16 Ancient Protector
» items
| Boots of Speed | 1 | |
| Healing Salve | 1 | |
| Lesser Clarity Potion | 2 | |
| Scroll of Town Portal | 6 | |
| Potion of Healing | 4 | |
| Moonstone | 3 | |
| Anti-magic Potion | 2 | |
| Orb of Venom | 1 | |
20 total
Chat log
(00:16 / All) Peterpan.: HEY MAN
(00:34 / All) BRUCEWILLISUSA: someone pause it i have to go walk my dog
(00:36 / All) BRUCEWILLISUSA: my moms being a bitch
(00:45 / All) Peterpan.: OKAY
(00:52 / Allies) CNT-FAI: haras
(01:04 / Allies) BRUCEWILLISUSA: send a unit there
(01:06 / Allies) BRUCEWILLISUSA: and ill get my hero in that corner
(01:42 / Allies) BRUCEWILLISUSA: share
(01:50 / Allies) MyTeamWinning: anyone else?
(01:52 / Allies) MyTeamWinning: hero?
(01:58 / Allies) MyTeamWinning: wow gg
(01:59 / Allies) CNT-FAI: nah
(02:08 / Allies) MyTeamWinning: ornaeg just detonated all my wisps
(02:11 / Allies) MyTeamWinning: im afk now
(02:16 / All) MyTeamWinning: gg
(02:20 / All) MyTeamWinning: oraneg a bser
(02:22 / Allies) CNT-FAI: ......
(02:27 / Allies) BRUCEWILLISUSA: hes lying
(02:28 / All) Peterpan.: USAAAAA
(02:29 / All) MyTeamWinning: dude i shared control for a hero
(02:29 / Allies) BRUCEWILLISUSA: i didnt sdo shit
(02:33 / Allies) CNT-FAI: that is pretty funny
(02:36 / All) MyTeamWinning: he uprooted my tree and killed my wisps
(02:38 / All) MyTeamWinning: so fuck it
(02:41 / All) MyTeamWinning: funny?
(02:42 / All) Peterpan.: lolllll
(02:43 / All) MyTeamWinning: its sad
(02:47 / All) MyTeamWinning: oraneg has map hack anyway
(02:49 / All) Peterpan.: THAT SI AWASOME
(02:50 / All) MyTeamWinning: u gusy play it
(02:53 / All) BRUCEWILLISUSA: dont laugh my brother died that way
(03:04 / All) Peterpan.: holy shit bruce
(03:08 / All) Peterpan.: that<s hot can i jerk off
(03:22 / All) MyTeamWinning: ill just solo hero and creep all game
(03:34 / All) MyTeamWinning: cause hes a cunt bag
(03:36 / All) Peterpan.: can i jerk off to your hero
(03:51 / All) Peterpan.: fuck i just came in my socks
(04:50 / Allies) CNT-FAI: so whats our plan
(05:00 / Allies) MyTeamWinning: lose u guess
(05:03 / Allies) MyTeamWinning: orange sucks
(05:10 / Allies) BRUCEWILLISUSA: myteamwinning is a drophacker
(05:10 / Allies) MyTeamWinning: tahst why he needs map hack
(05:11 / Allies) CNT-FAI: how do you know he sucks
(05:18 / Allies) MyTeamWinning: beat him every game
(05:23 / Allies) MyTeamWinning: thats why he detonated my wisps
(05:32 / Allies) BRUCEWILLISUSA: actually it was just an impulse
(05:33 / Allies) BRUCEWILLISUSA: lol
(05:35 / Allies) CNT-FAI: i thought it was funny
(05:42 / Allies) MyTeamWinning: the loss will be funnier
(05:48 / Allies) CNT-FAI: i guess
(05:54 / Allies) MyTeamWinning: had a gauranteed win
(05:56 / Allies) MyTeamWinning: now its a loss
(06:09 / Allies) BRUCEWILLISUSA: when you have 1700 wins and loses 1 more doesnt count for much either way
(06:15 / Allies) MyTeamWinning: dude im ranked 4
(06:19 / Allies) MyTeamWinning: in ffa for 3 years
(06:23 / Allies) MyTeamWinning: when u get ranked call me
(06:30 / Allies) BRUCEWILLISUSA: i dont think you got my point
(06:37 / Allies) MyTeamWinning: point is u suck
(06:42 / Allies) MyTeamWinning: and u need map hack in rt
(07:58 / Allies) BRUCEWILLISUSA: save me
(08:01 / Allies) MyTeamWinning: why?
(08:06 / Allies) MyTeamWinning: u have 3000 gold
(08:11 / Allies) CNT-FAI: sure
(08:34 / Allies) tooeasy: lol
(08:37 / Allies) tooeasy: MY BAD
(08:52 / Allies) tooeasy: got distracted
(09:43 / All) CNT-FAI: hahaah
(10:29 / Allies) MyTeamWinning: 4000 gold
(10:30 / Allies) MyTeamWinning: woot
(10:34 / Allies) MyTeamWinning: for a loss
(10:55 / Allies) CNT-FAI: when he bsed you i assumed we were going to lose
(11:02 / Allies) MyTeamWinning: just makes me laugh
(11:07 / Allies) MyTeamWinning: hes a useless fuck for years
(11:28 / Allies) MyTeamWinning: massing towers
(12:01 / Allies) MyTeamWinning: yeah ok
(12:15 / Allies) MyTeamWinning: we lost alreayd oprnaeg
(12:21 / Allies) MyTeamWinning: bailing 3000 gold on me does nothing
(12:46 / All) Peterpan.: BRUCE WHY U HACK :(
(12:53 / All) MyTeamWinning: why he suck
(13:30 / Allies) MyTeamWinning: lol he feeds me
(13:33 / Allies) MyTeamWinning: fuckin tool
(13:37 / Allies) MyTeamWinning: this game was obver already
(13:59 / Allies) BRUCEWILLISUSA: anyway peterpan seems like a tryhard
(14:03 / Allies) BRUCEWILLISUSA: i dont wanna vs a tryhard
(16:52 / Allies) BRUCEWILLISUSA: lol
(16:54 / Allies) CNT-FAI: are wewinning
(17:03 / Allies) CNT-FAI: i just raped pink
(19:27 / All) Peterpan.: lol what the fuck
(19:41 / All) Peterpan.: everything gather and like 2 units tp<ed haha
(19:49 / All) BRUCEWILLISUSA: i was using tp hack
(19:55 / All) Peterpan.: omgggggggggg
(22:21 / Allies) MyTeamWinning: burro u fuckin moron
(22:35 / All) MyTeamWinning: well its a game loss
(22:38 / All) MyTeamWinning: thanks dick
(22:45 / All) MyTeamWinning: nigga yellwo and ornaeg
(22:48 / All) MyTeamWinning: fuckin retarts
(22:52 / Allies) BRUCEWILLISUSA: were still doing ok
(23:09 / Allies) MyTeamWinning: hes doin shit
(23:12 / Allies) MyTeamWinning: seriously shit
(23:50 / Allies) CNT-FAI: got shop?
(24:02 / Allies) BRUCEWILLISUSA: making one
(25:52 / Allies) CNT-FAI: b
(27:22 / Allies) tooeasy: lumber anyone??
(27:32 / Allies) tooeasy: ty
(27:43 / Allies) MyTeamWinning: np
(28:35 / All) Peterpan.: lollll
(28:48 / Allies) BRUCEWILLISUSA: i wonder how high my score will be this game